 Dungeon Crawl Stone Soup version 0.32-a0-921-g04a7ad8e02 (webtiles) character file.

Game seed: 12227892143281379972

255530 NormalPerson7 the Acrobat (level 19, -5/154 HPs)
             Began as a Merfolk Wanderer on Apr 12, 2024.
             Was a High Priest of Hepliaklqana.
             Succumbed to a +0 short sword of venom's poison
             ... on level 2 of the Orcish Mines.
             The game lasted 02:17:11 (38407 turns).

NormalPerson7 the Acrobat (Merfolk Wanderer)       Turns: 38407, Time: 02:17:12

Health: -5/154     AC: 25    Str: 21    XL:     19   Next: 78%
Magic:  27/27      EV: 26    Int:  9    God:    Hepliaklqana [*****.]
Gold:   1139       SH: 14    Dex: 23    Spells: 17/18 levels left

rFire   + . .        a - +6 demon blade (freeze)
rCold   + . .        S - +0 kite shield {rC+}
rNeg    + . .        W - +2 scale mail {rF+}
rPois   .            p - +2 hat "Buallij" {Str+4 Stlth+}
rElec   +            l - +2 cloak {Stlth+}
rCorr   .            G - +2 pair of gloves
SInv    .            B - +2 pair of boots {Fly}
Will    +++..        P - amulet of the Four Winds {rN+ Will+++ Clar}
Stlth   +++          E - ring "Vumov" {Fly rElec Will- Dex+4}
HPRegen 0.45/turn    T - +4 ring of protection
MPRegen 0.20/turn

%: clarity
@: lethally poisoned (-5 -> -36), flying, studying Fire Magic
A: reduced essence, (nimble swimmer 2), mertail
}: 2/15 runes: barnacled, gossamer
a: Renounce Religion, Recall Ancestor, Ancestor Identity, Transference, Idealise


You were on level 2 of the Orcish Mines.
You worshipped Hepliaklqana.
Hepliaklqana was extremely pleased with you.
You visited 7 branches of the dungeon, and saw 32 of its levels.
You also visited: Bailey, Ice Cave and Volcano.

You collected 3517 gold pieces.
You spent 2378 gold pieces at shops.

Inventory:

Hand Weapons
 a - a +6 demon blade of freezing (weapon)
Missiles
 b - 17 javelins (quivered)
 g - 11 curare-tipped darts
 r - 5 silver javelins
 H - 46 boomerangs
 O - 5 throwing nets {!f}
Armour
 l - a +2 cloak of stealth (worn)
 p - the +2 hat "Buallij" (worn) {Str+4 Stlth+}
   (You found it on level 4 of the Spider Nest)

   Str+4:     It affects your strength (+4).
   Stlth+:    It makes you more stealthy.
 B - a +2 pair of boots of flying (worn)
 G - a +2 pair of gloves (worn)
 S - a +0 kite shield of cold resistance (worn)
 W - a +2 scale mail of fire resistance (worn)
Jewellery
 C - a ring of protection from cold
 E - the ring "Vumov" (left hand) {Fly rElec Will- Dex+4}
   (You bought it in a shop on level 15 of the Dungeon)

   [ring of flight]

   Dex+4:     It affects your dexterity (+4).
   rElec:     It insulates you from electricity.
   Will-:     It decreases your willpower.
   Fly:       It grants you flight.
 F - a ring of protection from fire
 L - an amulet of reflection
 P - the amulet of the Four Winds (around neck) {rN+ Will+++ Clar}
   (You bought it in a shop on level 15 of the Dungeon)

   [amulet of nothing]

   rN+:       It protects you from negative energy.
   Will+++:   It greatly increases your willpower.
   Clar:      It protects you from confusion, rage, mesmerisation and fear.
 T - a +4 ring of protection (right hand)
 Y - a ring of positive energy
 Z - a ring of see invisible
Wands
 w - a wand of iceblast (6)
 A - a wand of light (1)
 D - a wand of paralysis (25)
 I - a wand of flame (55)
 M - a wand of mindburst (31)
Scrolls
 e - 6 scrolls of fear
 k - a scroll of revelation
 o - 2 scrolls of fog
 t - 9 scrolls of teleportation
 u - a scroll of summoning {!r}
 v - 3 scrolls of poison
 x - a scroll of blinking
 y - a scroll of immolation
 Q - 4 scrolls of vulnerability
 U - 4 scrolls of silence
Potions
 c - 6 potions of cancellation
 d - 6 potions of enlightenment
 f - 5 potions of haste
 h - 9 potions of heal wounds
 i - 8 potions of brilliance
 j - 6 potions of invisibility
 m - 8 potions of might
 n - 4 potions of lignification
 q - 17 potions of curing
 s - 4 potions of resistance
 z - 5 potions of magic
 J - 3 potions of berserk rage
 N - 9 potions of ambrosia
 R - a potion of mutation
 V - 5 potions of attraction
Miscellaneous
 K - a phial of floods (inert)
 X - a sack of spiders


   Skills:
 - Level 21.0 Fighting
 - Level 14.0 Long Blades
 - Level 10.0 Throwing
 - Level 5.0 Armour
 + Level 23.4 Dodging
 - Level 2.0 Stealth
 - Level 14.0 Shields
 - Level 11.0 Invocations
 - Level 5.0 Evocations


You had 17 spell levels left.
You knew the following spells:

 Your Spells              Type           Power      Damage    Failure   Level
p - Apportation           Tloc           0%         N/A       86%         1

Your spell library contained the following spells:

 Spells                   Type           Power      Damage    Failure   Level
 Kiss of Death            Conj/Necr      0%         2d5       86%         1
 Necrotise                Necr           0%         1d4       86%         1
 Sandblast                Erth           0%         2d4       86%         1
 Shock                    Conj/Air       0%         1d3       86%         1
 Sting                    Conj/Alch      0%         1d3       86%         1
 Summon Small Mammal      Summ           0%         N/A       86%         1
 Ensorcelled Hibernation  Hex/Ice        0%         N/A       95%         2
 Lesser Beckoning         Tloc           0%         N/A       95%         2
 Confusing Touch          Hex            0%         N/A       99%         3
 Dazzling Flash           Conj/Hex       0%         N/A       99%         3
 Hailstorm                Conj/Ice       0%         3d5       99%         3
 Inner Flame              Hex/Fire       0%         N/A       99%         3
 Maxwell's Portable Pile  Tloc           0%         2d(5-13)  99%         3
 Passwall                 Erth           0%         N/A       99%         3
 Stone Arrow              Conj/Erth      0%         3d7       99%         3
 Summon Ice Beast         Ice/Summ       0%         N/A       99%         3
 Swiftness                Air            0%         N/A       99%         3
 Teleport Other           Tloc           0%         N/A       99%         3
 Tukima's Dance           Hex            0%         N/A       99%         3
 Vampiric Draining        Necr           0%         2d6       99%         3
 Airstrike                Air            0%         2d(0-16)  100%        4
 Anguish                  Hex/Necr       0%         N/A       100%        4
 Brom's Barrelling Bould  Conj/Erth      0%         2d3       100%        4
 Cause Fear               Hex            0%         N/A       100%        4
 Dimensional Bullseye     Hex/Tloc       0%         N/A       100%        4
 Dispel Undead            Necr           0%         3d6       100%        4
 Flame Wave               Conj/Fire      0%         2d4       100%        4
 Iskenderun's Mystic Bla Conj/Tloc 0%             2d3        (+2d1     100%        4
 Leda's Liquefaction      Alch/Erth      0%         N/A       100%        4
 Martyr's Knell           Necr/Summ      0%         N/A       100%        4
 Petrify                  Alch/Erth      0%         N/A       100%        4
 Sticky Flame             Fire/Alch      0%         2d4       100%        4
 Curse of Agony           Necr           0%         N/A       100%        5
 Fireball                 Conj/Fire      0%         3d3       100%        5
 Metabolic Englaciation   Hex/Ice        0%         N/A       100%        5
 Silence                  Hex/Air        0%         N/A       100%        5
 Permafrost Eruption      Ice/Erth       0%         2x4d1     100%        6
 Sculpt Simulacrum        Ice/Alch       0%         N/A       100%        6
 Starburst                Conj/Fire      0%         6d3       100%        6
 Enfeeble                 Hex            0%         N/A       100%        7
 Haunt                    Necr/Summ      0%         N/A       100%        7
 Ozocubu's Refrigeration  Ice            0%         4d7       100%        7
 Borgnjor's Revivificati  Necr           0%         N/A       100%        8
 Maxwell's Capacitive Co  Air            0%         ∞         100%        8
 Death's Door             Necr           0%         N/A       100%        9
 Dragon's Call            Summ           0%         N/A       100%        9
 Polar Vortex             Ice            0%         N/A       100%        9


Dungeon Overview and Level Annotations

Branches:
Dungeon (15/15)            Temple (1/1) D:4            Lair (5/5) D:10
 Shoals (4/4) Lair:3       Spider (4/4) Lair:3        Slime (0/5) Lair:5
    Orc (2/2) D:10            Elf (1/3) Orc:2        Vaults (0/5) D:13
 Depths (0/4) D:15         Bailey (visited)           IceCv (visited)
Volcano (visited)

Altars:
Ashenzari
Cheibriados
Dithmenos
Elyvilon
Fedhas
Gozag
Hepliaklqana
Kikubaaqudgha
Makhleb
Nemelex Xobeh
Okawaru
Qazlal
Ru
Sif Muna
Trog
Uskayaw
Vehumet
Wu Jian
Xom
Yredelemnul
Zin
The Shining One
Beogh
Jiyva

Shops:
D:5 *:!(:   D:8 ?   D:9 !   D:12 [   D:15 !*=   Orc:2 [=*!   Shoals:3 =!

Portals:
Pandemonium: Orc:2

Annotations:
D:3 exclusion: downstairs
D:9 Joseph
D:10 exclusion: statue
D:11 1 runed translucent door, Ijustatesigmund's ghost, journeyman GnCj
Lair:4 1 runed translucent door, ouz's ghost, journeyman FoFi
Shoals:3 1 runed translucent door, Plog's ghost, adept OpAl
Spider:3 2 transporters, HourglassMan's ghost, adept GrEE
Elf:1 exclusion: orange crystal statue, Zenata


Innate Abilities, Weirdness & Mutations

Your life essence is reduced to manifest your ancestor. (-10% HP)
((You are very nimble when in or above water. (Stealth+, EV+, Speed+++)))
Your lower body shifts to a powerful aquatic tail in water.


Message History

The +0 short sword of venom hits you but does no damage.
You block the +2 halberd of protection's attack.
The +1 scimitar of flaming misses you.
You block the +0 short sword of venom's attack.
You feel sick.
The +2 halberd of protection attacks as it pursues you!
The +2 halberd of protection closely misses you.
The +0 short sword of venom hits you.
You are more poisoned.
The +1 scimitar of flaming barely misses you.
You block the +2 halberd of protection's attack.
The +0 short sword of venom hits you but does no damage.
You are more poisoned.
You feel very sick.
The +2 halberd of protection attacks as it pursues you!
The +2 halberd of protection hits you but does no damage.
The +1 scimitar of flaming hits you but does no damage.
The +0 short sword of venom hits you.
You are more poisoned.
The +2 halberd of protection hits you from afar.
The +1 scimitar of flaming hits you! The +1 scimitar of flaming burns you.
The +0 short sword of venom barely misses you.
You block the +2 halberd of protection's attack.
There is a staircase back to the Mines, spattered with blood here.
You feel very sick.
You block the +0 short sword of venom's attack.
The +1 scimitar of flaming hits you.
The +2 halberd of protection hits you from afar!
You block the +0 short sword of venom's attack.
The +1 scimitar of flaming hits you!
Zenata gestures, and weapons take to the air!
The +0 short sword of venom hits you.
* * * LOW HITPOINT WARNING * * *
You are lethally poisoned!
You block the +3 battleaxe of electrocution's attack.
The +2 halberd of protection hits you from afar!!
* * * LOW HITPOINT WARNING * * *
You fly upwards.
Welcome back to the Orcish Mines!
You die...
Hepliaklqana delivers you to your ancestors.

...###...##.##....######.##
.#.÷..÷#.....#....# #....###
©..#..©..##..#...######.....# #
.÷##..#......#...###......### ###
....#...#...##....#........####..
#......#....#.....#..........###.
##.###..#####.................#..
.###©####.....#..................
.....÷....#####.@.......##.......
##...<.....# #.......######.....
##........####.........####.....
###........[..........##.......
##....[......................
##...........#.........##...
#..........##.........###.#
###.#.....####.#......# ###
####..### ###...#..#


There were no monsters in sight!

Vanquished Creatures
  Mara (Spider:3)
  A titan (Shoals:4)
  Gastronok (D:12)
  A kraken (Shoals:3)
  Aizul (Spider:1)
  Louise (Spider:2)
  3 ghost moths (Spider:4)
  A frost giant (IceCv)
  2 emperor scorpions
  An ironbound preserver (D:13)
  2 stone giants
  3 spark wasps
  A dire elephant (Lair:3)
  An eidolon (Elf:1)
  5 merfolk javelineers
  5 merfolk impalers
  A fire dragon (D:15)
  3 entropy weavers
  A great orb of eyes (Elf:1)
  6 hydras
  A merfolk avatar (Shoals:2)
  The ghost of gouglew the Gouger, a journeyman FeBe of Trog (Orc:2)
  2 catoblepae
  2 centaur warriors (D:15)
  A radroach (Spider:3)
  2 alligator snapping turtles
  A jorogumo (Spider:4)
  2 merfolk aquamancers (Shoals:4)
  Erica (D:9)
  2 dancing weapons (Elf:1)
  3 two-headed ogres
  10 boulder beetles
  A deep troll shaman (Lair:5)
  18 death yaks
  4 demonic crawlers
  Nergalle (D:12)
  Urug (D:13)
  An orc high priest (Orc:2)
  A deep elf knight (Elf:1)
  4 skysharks
  A deep elf archer (Elf:1)
  9 sea snakes
  5 pharaoh ants
  A sun moth (Spider:2)
  13 harpies
  5 orb spiders
  5 orc knights
  5 steelbarb worms
  2 obsidian bats
  A lindwurm (Lair:2)
  A harpy (shapeshifter) (D:15)
  A deep elf zephyrmancer (Elf:1)
  5 ugly things (D:15)
  6 cyclopes
  4 orc sorcerers (Orc:2)
  13 wolf spiders
  3 moths of wrath
  7 manticores
  2 meliai (Spider:4)
  23 elephants
  5 water nymphs
  A merfolk siren (Shoals:2)
  A kobold blastminer (Orc:2)
  A molten gargoyle (D:15)
  2 torpor snails (Spider:4)
  4 black mambas
  4 cane toads
  A gargoyle (Volcano)
  Maggie (D:9)
  5 rime drakes
  7 komodo dragons
  An efreet (Volcano)
  2 kobold demonologists (D:13)
  A freezing wraith (D:15)
  An ice devil (Orc:2)
  A tengu conjurer (D:15)
  5 trolls
  7 polar bears
  A queen bee (shapeshifter) (D:13)
  11 merfolk
  16 tarantellas
  2 wind drakes (Shoals:4)
  4 snapping turtles
  10 blink frogs
  17 jumping spiders
  2 glass eyes (Elf:1)
  8 dream sheep (Lair:4)
  12 culicivoras
  8 slime creatures
  9 water elementals
  3 air elementals (Shoals:4)
  2 fire elementals (Volcano)
  3 wraiths
  9 wyverns
  6 basilisks
  46 yaks
  9 vampire mosquitoes
  7 wargs
  14 redbacks
  A chaos spawn (Orc:2)
  A two-headed ogre zombie (D:10)
  9 water moccasins
  4 acid dragons
  A swamp worm (Lair:4)
  17 orc warriors
  A sky beast (D:8)
  A black bear (shapeshifter) (D:13)
  2 black bears
  2 laughing skulls (D:11)
  An ogre (D:4)
  33 wolves
  A wolf (shapeshifter) (D:14)
  7 centaurs
  3 phantoms
  4 kobold brigands
  7 bullfrogs
  A gnoll sergeant (D:8)
  4 scorpions
  An earth elemental (Volcano)
  A wight (D:8)
  Dowan (D:7)
  2 troll zombies (D:10)
  7 killer bees
  A howler monkey (D:7)
  3 bombardier beetles
  4 hounds
  11 orc priests
  Crazy Yiuf (D:2)
  An iguana (D:5)
  Jessica (D:2)
  A hell rat (D:15)
  10 orc wizards
  A spriggan simulacrum (D:11)
  2 ogre zombies (D:10)
  3 gnolls (Bailey)
  5 adders
  A white imp (D:7)
  2 ribbon worms (D:3)
  A dart slug (D:1)
  43 orcs
  9 ball pythons
  3 endoplasms
  2 giant cockroaches (D:2)
  A gnoll zombie (D:10)
  11 goblins
  4 hobgoblins
  3 quokkas
  3 bats
  6 frilled lizards
  A gnoll skeleton (D:10)
  18 kobolds
  An orc skeleton (D:10)
  14 orc zombies (D:10)
  10 rats
  2 tentacles (Shoals:3)
752 creatures vanquished.

Vanquished Creatures (collateral kills)
  Arachne (Spider:2)
  A sphinx (Elf:1)
  Donald (Shoals:4)
  A broodmother (Spider:2)
  A spark wasp (Spider:1)
  2 merfolk javelineers
  3 entropy weavers
  4 merfolk impalers
  A deep elf high priest (Elf:1)
  A rakshasa (D:13)
  2 hydras
  2 radroaches
  2 demonspawn (Orc:2)
  A catoblepas (Lair:5)
  2 merfolk aquamancers (Shoals:4)
  A two-headed ogre (D:10)
  4 boulder beetles
  2 merfolk avatars
  5 death yaks
  A death scarab (Spider:1)
  3 orc high priests (Orc:2)
  A tengu warrior (D:15)
  3 demonic crawlers
  A deep elf knight (Elf:1)
  Sonja (D:13)
  8 skysharks
  8 sea snakes
  4 pharaoh ants
  4 orb spiders
  A deep elf archer (Elf:1)
  4 steelbarb worms (Spider:4)
  An orc knight (Orc:2)
  A deep elf pyromancer (D:13)
  9 harpies
  A deep elf zephyrmancer (Elf:1)
  An ugly thing (IceCv)
  3 orc sorcerers (Orc:2)
  A cyclops (Shoals:4)
  9 manticores
  6 wolf spiders
  4 meliai
  5 water nymphs
  An ice statue (IceCv)
  5 elephants
  5 merfolk sirens
  3 black mambas (Lair:2)
  2 torpor snails
  2 gargoyles
  2 cane toads
  2 kobold demonologists
  A rime drake (D:15)
  A komodo dragon (Lair:4)
  A freezing wraith (D:14)
  An ice devil (Orc:2)
  16 merfolk
  A troll (D:12)
  A hornet (D:8)
  2 wind drakes (Shoals:4)
  7 polar bears
  A tyrant leech (Lair:4)
  12 tarantellas
  12 jumping spiders
  12 snapping turtles
  3 dream sheep (Lair:4)
  A blink frog (Lair:5)
  5 air elementals (Shoals:4)
  A spriggan (Lair:3)
  3 wraiths
  2 shadows
  9 culicivoras
  3 wyverns
  21 yaks
  3 basilisks
  13 water elementals
  2 wargs (Orc:2)
  18 redbacks
  5 vampire mosquitoes
  2 swamp worms (Lair:4)
  Menkaure (D:7)
  A two-headed ogre zombie (D:10)
  2 acid dragons
  A hell hound (D:15)
  Duvessa (D:7)
  10 orc warriors
  3 centaurs (D:15)
  2 ogres (Orc:2)
  A wolf (shapeshifter) (Elf:1)
  17 wolves
  A phantom (D:10)
  2 kobold brigands
  2 bullfrogs
  A scorpion (D:6)
  A two-headed ogre simulacrum (D:11)
  4 wights (D:8)
  5 killer bees
  A howler monkey (D:7)
  A lava snake (D:15)
  12 orc priests
  2 sleepcaps
  A hell rat (D:15)
  6 orc wizards
  2 troll simulacra (D:11)
  2 ogre zombies (D:10)
  8 gnolls
  2 shadow imps (D:6)
  28 orcs
  A gnoll zombie (D:10)
  2 kobolds
  2 goblins (D:9)
  7 orc zombies (D:10)
430 creatures vanquished.

Vanquished Creatures (others)
  A tarantella (Spider:1)
  42 battlemagi
  5 ancestors
  An orc (Orc:1)
  9 tentacles (Shoals:3)
58 creatures vanquished.

Grand Total: 1240 creatures vanquished

Notes
Turn   | Place    | Note
-------+----------+-------------------------------------------
     0 | D:1      | NormalPerson7 the Merfolk Wanderer began the quest for the
                  | Orb.
     0 | D:1      | NormalPerson7 set off with the following items: a +3
                  | falchion, a +0 buckler, a +0 leather armour, a scroll of
                  | summoning {!r}.
     0 | D:1      | Reached XP level 1. HP: 20/20 MP: 1/1
    20 | D:1      | Reached skill level 1 in Dodging
    67 | D:1      | Reached skill level 2 in Dodging
    89 | D:1      | Reached XP level 2. HP: 26/26 MP: 2/2
   365 | D:1      | Reached skill level 5 in Fighting
   380 | D:1      | Reached XP level 3. HP: 31/33 MP: 3/3
   579 | D:1      | Reached skill level 5 in Long Blades
   788 | D:2      | Noticed Jessica
   946 | D:2      | Killed Jessica
   947 | D:2      | Reached XP level 4. HP: 37/39 MP: 4/4
  1849 | D:3      | Reached skill level 3 in Dodging
  2245 | D:4      | Noticed an ogre
  2345 | D:3      | Reached XP level 5. HP: 36/44 MP: 5/5
  2376 | D:4      | Reached skill level 1 in Evocations
  2414 | D:4      | Reached XP level 6. HP: 28/51 MP: 6/6
  2655 | D:4      | Found a staircase to the Ecumenical Temple.
  2817 | Temple   | Entered the Ecumenical Temple
  2838 | Temple   | Became a worshipper of Hepliaklqana the Forgotten
  3041 | D:4      | Reached skill level 4 in Dodging
  3233 | D:5      | Entered Level 5 of the Dungeon
  3268 | D:5      | Reached XP level 7. HP: 55/58 MP: 7/7
  3317 | D:5      | Found Xuxuefa's Antique Weapon Boutique.
  3318 | D:5      | Found Pinnuga Ahac's Distillery.
  3319 | D:5      | Found Baro's Assorted Antiques.
  3320 | D:5      | Found Webbim's Book Boutique.
  3419 | D:5      | Bought a potion of curing for 36 gold pieces
  3423 | D:5      | Bought a scroll labelled TAAMPIROAJO for 25 gold pieces
  3524 | D:5      | Bought a potion of berserk rage for 60 gold pieces
  3620 | D:5      | Found Pemu's Book Boutique.
  3861 | D:5      | Found a white marble altar of Elyvilon.
  3861 | D:5      | Found a glowing silver altar of Zin.
  3861 | D:5      | Found a glowing golden altar of the Shining One.
  3885 | D:5      | Found a sacrificial altar of Ru.
  4250 | D:6      | Reached * piety under Hepliaklqana
  4413 | D:6      | Reached skill level 5 in Dodging
  4442 | D:6      | Reached XP level 8. HP: 54/57 MP: 8/8
  4569 | D:6      | Found an ornate altar of the Wu Jian Council.
  4575 | D:6      | Found a burning altar of Makhleb.
  4634 | D:6      | Noticed a manticore
  4683 | D:6      | Killed a manticore
  5201 | D:6      | Reached skill level 10 in Long Blades
  5635 | D:6      | Reached XP level 9. HP: 49/66 MP: 9/9
  5765 | D:6      | Reached skill level 6 in Dodging
  5965 | D:7      | Noticed Dowan
  6062 | D:7      | Reached skill level 1 in Stealth
  6085 | D:7      | Noticed Menkaure
  6252 | D:7      | Killed Menkaure
  6253 | D:7      | Reached skill level 7 in Dodging
  6267 | D:7      | Reached skill level 1 in Armour
  6519 | D:7      | Noticed Duvessa
  6554 | D:7      | Killed Dowan
  6643 | D:7      | Learned a level 1 spell: Apportation
  6664 | D:7      | Found a blossoming altar of Fedhas.
  6721 | D:7      | Reached ** piety under Hepliaklqana
  6722 | D:7      | Remembered your ancestor OldPerson7 as a battlemage
  6728 | D:7      | Killed Duvessa
  7065 | D:8      | Noticed a hornet
  7180 | D:8      | Found The Oracle's Delphic Readings.
  7184 | D:8      | Bought a scroll of fear for 64 gold pieces
  7207 | D:8      | Killed a hornet
  7208 | D:8      | Reached XP level 10. HP: 73/73 MP: 10/10
  7918 | D:9      | Noticed Erica
  7934 | D:9      | Killed Erica
  7935 | D:9      | Reached skill level 10 in Fighting
  8106 | D:9      | Noticed Maggie
  8220 | D:9      | Killed Maggie
  8286 | D:9      | Found Ciduem's Distillery.
  8304 | D:9      | Bought a potion of heal wounds for 75 gold pieces
  8304 | D:9      | Bought a potion of haste for 150 gold pieces
  8306 | D:9      | Found a flagged portal.
  8345 | Bailey   | Entered a bailey
  8597 | Bailey   | Noticed an orc knight
  8618 | Bailey   | Killed an orc knight
  9073 | D:9      | Found a sparkling altar of Nemelex Xobeh.
  9073 | D:9      | Found an iron altar of Okawaru.
  9171 | D:9      | Identified the +0 quarterstaff of Demand {speed, rElec rN+}
  9298 | D:9      | Reached XP level 11. HP: 73/82 MP: 11/11
  9392 | D:9      | Noticed Joseph
 10076 | D:10     | Entered Level 10 of the Dungeon
 10119 | D:10     | Found a staircase to the Lair.
 10506 | D:10     | Reached *** piety under Hepliaklqana
 10771 | D:10     | Noticed a two-headed ogre
 10776 | D:10     | Killed a two-headed ogre
 10777 | D:10     | Reached skill level 5 in Evocations
 10804 | D:10     | Reached skill level 8 in Dodging
 10811 | D:10     | Found a radiant altar of Vehumet.
 10968 | D:10     | Found a staircase to the Orcish Mines.
 11525 | D:11     | Noticed a two-headed ogre
 11675 | D:11     | Reached skill level 9 in Dodging
 11681 | D:11     | Found a frozen archway.
 11702 | IceCv    | Entered an ice cave
 11743 | IceCv    | Reached skill level 10 in Dodging
 11836 | IceCv    | Reached skill level 5 in Shields
 11836 | IceCv    | Reached skill level 1 in Invocations
 11925 | IceCv    | Reached XP level 12. HP: 79/91 MP: 13/13
 12138 | IceCv    | Noticed a death yak
 12161 | IceCv    | Killed a death yak
 12315 | IceCv    | Noticed a death yak
 12315 | IceCv    | Noticed a death yak
 12315 | IceCv    | Noticed a frost giant
 12315 | IceCv    | Noticed a death yak
 12390 | IceCv    | Killed a death yak
 12588 | IceCv    | Killed a frost giant
 12770 | IceCv    | Killed a death yak
 12771 | IceCv    | Reached skill level 11 in Dodging
 12804 | IceCv    | Killed a death yak
 12881 | IceCv    | Reached skill level 12 in Dodging
 12949 | IceCv    | Identified the amulet "Kusenai" {Faith Rampage +Blink rN+++
                  | rCorr Stlth-}
 13332 | D:10     | Reached XP level 13. HP: 54/101 MP: 15/15
 13672 | D:11     | Found a runed translucent door.
 13673 | D:11     | Found a shimmering altar of Xom.
 13673 | D:11     | Noticed Ijustatesigmund's ghost (journeyman GnCj)
 13888 | D:2      | Found a runed translucent door.
 13889 | D:2      | Noticed Crazy Yiuf
 13894 | D:2      | Killed Crazy Yiuf
 14196 | Lair:1   | Entered Level 1 of the Lair of Beasts
 14417 | Lair:1   | Reached skill level 10 in Shields
 14943 | Lair:1   | Reached **** piety under Hepliaklqana
 15691 | Lair:2   | Reached skill level 13 in Dodging
 16033 | Lair:2   | Reached XP level 14. HP: 96/108 MP: 16/16
 16048 | Lair:2   | Reached skill level 14 in Dodging
 16306 | Lair:3   | Found a staircase to the Shoals.
 16385 | Lair:3   | Found a hole to the Spider Nest.
 16565 | Lair:3   | Reached skill level 15 in Dodging
 16747 | Lair:3   | Reached ***** piety under Hepliaklqana
 16984 | Lair:3   | Reached skill level 15 in Fighting
 17172 | Lair:3   | Noticed a dire elephant
 17183 | Lair:3   | Killed a dire elephant
 17582 | Lair:4   | Reached skill level 5 in Armour
 17779 | Lair:4   | Reached skill level 16 in Dodging
 17935 | Lair:4   | Reached XP level 15. HP: 103/116 MP: 15/17
 17941 | Lair:4   | Reached skill level 17 in Dodging
 18048 | Lair:4   | Found a runed translucent door.
 18049 | Lair:4   | Noticed ouz's ghost (journeyman FoFi)
 18064 | Lair:5   | Entered Level 5 of the Lair of Beasts
 18688 | Lair:5   | Reached skill level 18 in Dodging
 18837 | Lair:5   | Found a staircase to the Slime Pits.
 18837 | Lair:5   | Found a viscous altar of Jiyva.
 19504 | Lair:5   | Identified the staff "Loopy" {rF+ rCorr Int+3 Fire Ice}
 19770 | D:12     | Found Uwkyse's Antique Armour Emporium.
 19860 | D:12     | Reached ****** piety under Hepliaklqana
 19860 | D:12     | Noticed Nergalle
 19873 | D:12     | Killed Nergalle
 20107 | D:12     | Noticed Gastronok
 20117 | D:12     | Killed Gastronok
 20419 | D:12     | Identified the +1 short sword of Zokoats {flame, rF- Int+8}
 20601 | Orc:1    | Entered Level 1 of the Orcish Mines
 20751 | Orc:1    | Found a dark tunnel.
 20763 | Volcano  | Entered a volcano
 21321 | Orc:2    | Entered Level 2 of the Orcish Mines
 21346 | Orc:2    | Found a staircase to the Elven Halls.
 21657 | Orc:2    | Noticed gouglew's ghost (journeyman FeBe)
 21670 | Orc:2    | Found a transporter.
 22204 | Orc:2    | Found a transporter.
 22288 | Orc:2    | Found Vasug's Distillery.
 22289 | Orc:2    | Found Tegytuiv's General Store.
 22453 | Orc:2    | Reached XP level 16. HP: 128/128 MP: 18/18
 22961 | Orc:2    | Found Wuthroduo's Antique Armour Boutique.
 22961 | Orc:2    | Found Rikaol Vilo's Jewellery Shop.
 22964 | Orc:2    | Found a one-way gate leading to the halls of Pandemonium.
 23471 | Orc:2    | Found Vasug's Distillery.
 23474 | Orc:2    | Found Tegytuiv's General Store.
 23704 | Orc:2    | Found a transporter.
 23729 | Orc:2    | Found a transporter.
 23798 | Orc:2    | Killed gouglew's ghost
 23848 | Orc:2    | Identified the amulet "Akhiw" {Faith Str+4}
 23923 | Orc:2    | Bought a potion of enlightenment for 60 gold pieces
 23923 | Orc:2    | Bought a potion of heal wounds for 60 gold pieces
 23923 | Orc:2    | Bought a potion of curing for 36 gold pieces
 23923 | Orc:2    | Bought a potion of heal wounds for 60 gold pieces
 23925 | Orc:2    | Bought a scroll of enchant weapon for 97 gold pieces
 23925 | Orc:2    | Bought a scroll of teleportation for 39 gold pieces
 23925 | Orc:2    | Bought 2 potions of curing for 78 gold pieces
 24376 | D:13     | Noticed Sonja
 24383 | D:13     | Killed Sonja
 24419 | D:13     | Noticed Urug
 24428 | D:13     | Killed Urug
 24495 | D:13     | Found a gate to the Vaults.
 25175 | D:14     | Found a stormy altar of Qazlal.
 25988 | D:15     | Entered Level 15 of the Dungeon
 26018 | D:15     | Reached skill level 19 in Dodging
 26034 | D:15     | Found a staircase to the Depths.
 26204 | D:15     | Found Ynloss's Distillery.
 26728 | D:15     | Found Oskene's Jewellery Emporium.
 26742 | D:15     | Found Pargh's General Store.
 26903 | D:15     | Reached skill level 5 in Invocations
 27439 | D:15     | Bought the amulet of the Four Winds {rN+ Will+++ Clar} for
                  | 849 gold pieces
 27439 | D:15     | Found the amulet of the Four Winds {rN+ Will+++ Clar}
 27711 | Spider:1 | Entered Level 1 of the Spider Nest
 28097 | Spider:1 | Reached XP level 17. HP: 112/134 MP: 22/22
 28113 | Spider:1 | Identified the serpent talisman of Baldness {rF+ rN+
                  | Slay+3}
 28113 | Spider:1 | Noticed Aizul
 28138 | Spider:1 | Killed Aizul
 28180 | Spider:1 | Reached skill level 20 in Dodging
 28603 | Spider:2 | Noticed Louise
 28672 | Spider:2 | Killed Louise
 28673 | Spider:2 | Reached skill level 21 in Dodging
 28723 | Spider:2 | Noticed Arachne
 28746 | Spider:2 | Killed Arachne
 29102 | Spider:2 | Found a roughly hewn altar of Beogh.
 29578 | Spider:3 | Found a transporter.
 29583 | Spider:3 | Found a transporter.
 29944 | Spider:3 | Noticed HourglassMan's ghost (adept GrEE)
 29998 | Spider:3 | Noticed Mara
 30073 | Spider:3 | Noticed NormalPerson7's illusion
 30100 | Spider:3 | Noticed NormalPerson7's illusion
 30113 | Spider:3 | Killed Mara
 30346 | Spider:3 | Identified the +1 dagger "Hinovvea" {elec, *Rage rF+++ rC+}
 30613 | Spider:4 | Entered Level 4 of the Spider Nest
 30703 | Spider:4 | Reached XP level 18. HP: 106/145 MP: 24/24
 30998 | Spider:4 | Reached skill level 10 in Invocations
 31391 | Spider:4 | Reached skill level 1 in Throwing
 32058 | Spider:4 | Reached skill level 5 in Throwing
 32230 | Spider:4 | Got a gossamer rune of Zot
 32239 | Spider:4 | Identified the +2 hat "Buallij" {Str+4 Stlth+}
 32466 | Shoals:1 | Entered Level 1 of the Shoals
 34589 | Shoals:3 | Identified the +4 demon whip "Spider's Funeral" {chaos,
                  | ^Drain rPois rC+}
 34589 | Shoals:3 | Noticed Plog's ghost (adept OpAl)
 34589 | Shoals:3 | Found Lur Cif's Distillery.
 34589 | Shoals:3 | Found a runed translucent door.
 34589 | Shoals:3 | Found a shimmering altar of Xom.
 34650 | Shoals:3 | Reached skill level 10 in Throwing
 34656 | Shoals:3 | Bought a potion of haste for 190 gold pieces
 35222 | Shoals:3 | Reached XP level 19. HP: 144/152 MP: 27/27
 35693 | Shoals:3 | Found Qainil's Jewellery Boutique.
 35886 | Shoals:4 | Entered Level 4 of the Shoals
 35939 | Shoals:4 | Paralysed by an air elemental for 1 turns
 35949 | Shoals:4 | Reached skill level 22 in Dodging
 36221 | Shoals:4 | Paralysed by an air elemental for 1 turns
 36228 | Shoals:4 | Paralysed by an air elemental for 1 turns
 36390 | Shoals:4 | Paralysed by an air elemental for 1 turns
 36424 | Shoals:4 | Paralysed by an air elemental for 1 turns
 36445 | Shoals:4 | Paralysed by an air elemental for 1 turns
 36704 | Shoals:4 | Paralysed by an air elemental for 1 turns
 36713 | Shoals:4 | Reached skill level 23 in Dodging
 36736 | Shoals:4 | Noticed Donald
 36747 | Shoals:4 | Killed Donald
 36909 | Shoals:4 | Identified the +6 great sword of Erol {drain, Int+4}
 37003 | Shoals:4 | Got a barnacled rune of Zot
 37777 | D:15     | Bought the ring "Vumov" {Fly rElec Will- Dex+4} for 499
                  | gold pieces
 37946 | Elf:1    | Entered Level 1 of the Elven Halls
 38080 | Elf:1    | Got Wyriledu's Atlas of Omens
 38120 | Elf:1    | Noticed Zenata
 38406 | Elf:1    | HP: 26/154 [+0 short sword of venom[Zenata] (5)]
 38406 | Elf:1    | HP: 4/154 [+2 halberd of protection[Zenata] (22)]
 38407 | Orc:2    | Succumbed to a +0 short sword of venom's poison

Illustrated notes

Levels and vault maps discovered:
D:1:      dpeg_arrival_arbitrary_a, layout_rooms, minmay_ruptured
D:2:      layout_loops_ring, uniq_jessica, uniq_crazy_yiuf_cottage
D:3:      layout_loops_ring, serial_glass, glass_columns_c, glass_columns_a
D:4:      layout_rooms, minmay_temple_entry_stoned_glass,
          guppyfry_early_lair_pool
D:5:      layout_basic, good_gods_mini_temple, nicolae_overflow_hidden_temple,
          serial_shops, shop, minmay_shop_grid_forest
D:6:      layout_loops_ring, amethyst_overflow_temple_binary,
          amcnicky_mini_rare_corridor_liquid
D:7:      layout_rooms, fedhas_altar_fruit_tree, nicolae_figureground_pulse,
          uniq_duvessa, uniq_menkaure
D:8:      layout_loops_ring, nicolae_nh_oracle_at_delphi
D:9:      layout_basic, mainiacjoe_overflow_divided_tiny, serial_shops, shop,
          enter_bailey_3, nicolae_two_hexagons, kennysheep_generic_room_7,
          uniq_joseph, uniq_maggie, uniq_erica
D:10:     layout_basic, vehumet_statue, lair_entry_dummy, zombieorc2_lemuel
D:11:     layout_cross, ebering_ghost_xom, portal_ice_cave_entry_ice_simulacra,
          abandoned_shop
D:12:     layout_roguey, serial_shops, nicolae_take_the_stairs, uniq_nergalle,
          uniq_gastronok
D:13:     layout_stronghold, skrybe_vaults_entry_preservation,
          hangedman_decor_clover_reticule, chequers_jeans, uniq_sonja, uniq_urug
D:14:     layout_basic, lemuel_tele_altar
D:15:     grunt_enter_depths_giant_problem, layout_loops_cross,
          nicolae_lava_and_water, serial_shops, shop, shop, shop, special_room
          [special_room_mythical_zoo]
Temple:   minmay_temple_bridge_abc
Lair:1:   layout_gridlike, chequers_serial_rivers_micro_e, st_stairs_10,
          grunt_megastairs_5
Lair:2:   layout_chaotic_city, roderic_carrion_pond
Lair:3:   mu_elephants_graveyard, layout_hall_layers, minmay_shoals_entry_hut,
          dummy_spider_entry, nzn_sisyphean_effort, infiniplex_staircase_pool_2
Lair:4:   layout_long_grid, serial_forest, infiniplex_forest_straight_2,
          infiniplex_forest_straight_4, infiniplex_forest_clump_diagonal,
          infiniplex_forest_clump_tiny, infiniplex_forest_clump_curved,
          ebering_ghost_reflecting_pool, worms_lemuel
Lair:5:   grunt_lair_end_beastmaster, layout_gridlike, slime_entry_1,
          nicolae_lair_grove_arrangements
Shoals:1: layout_shoals
Shoals:2: layout_shoals, nicolae_shoals_former_cling_halls
Shoals:3: layout_shoals, serial_shops, shop, shop, ebering_ghost_xom
Shoals:4: shoals_end_hellmonk_storm_palace [storm_palace_center_circular,
          storm_palace_corner_narrow, storm_palace_corner_pillars,
          storm_palace_corner_narrow, storm_palace_corner_reverse_hut],
          uniq_donald
Spider:1: layout_spider_delve, uniq_aizul
Spider:2: nicolae_spider_mines_2, drop_trap, uniq_arachne, uniq_louise
Spider:3: layout_spider_delve, gammafunk_ghost_arena, uniq_mara
Spider:4: hellmonk_spider_rune_bug_friends
Orc:1:    layout_caves, nicolae_volcano_entry_s_turn
Orc:2:    pf_orc_diabolical, layout_diamond_mine,
          gammafunk_ghost_berserking_beasts, nicolae_orc_minecarts
Elf:1:    layout_loops_cross, serial_magic_research,
          hangedman_research_thanatology, hangedman_research_probablistics,
          hangedman_research_geology, hangedman_research_quantum,
          hangedman_research_toxicology, guppyfry_elf_altar, uniq_zenata

Skill      XL: |  1  2  3  4  5  6  7  8  9 10 11 12 13 14 15 16 17 18 19 |
---------------+----------------------------------------------------------+-----
Dodging        | 2 3 4 5 7 10 12 13 16 18 19 21 23 | 23.4
Fighting       | 5 6 8 10 12 14 15 18 20 21 | 21.0
Long Blades    | 5 6 8 10 12 14 | 14.0
Shields        | 3 4 5 7 12 14 | 14.0
Evocations     | 2 3 5 |  5.0
Stealth        | 2 |  2.0
Armour         | 1 3 5 |  5.0
Invocations    | 2 3 7 9 11 | 11.0
Throwing       | 10 | 10.0

Action                     |  1- 3 |  4- 6 |  7- 9 | 10-12 | 13-15 | 16-18 | 19-21 || total
---------------------------+-------+-------+-------+-------+-------+-------+-------++-------
  Melee: Falchion          |    76 |   114 |   179 |    10 |       |       |       ||   379
         Scimitar          |       |       |       |   307 |    25 |     8 |       ||   340
         Tailslap          |       |       |       |     9 |     3 |       |       ||    12
         Demon blade       |       |       |       |    51 |   897 |  1163 |   291 ||  2402
         Unarmed           |       |       |       |       |       |    77 |       ||    77
  Throw: Boomerang         |       |    10 |    16 |       |     3 |       |       ||    29
         Stone             |       |     1 |       |       |       |       |       ||     1
         Dart              |       |     2 |     8 |    13 |     7 |       |       ||    30
         Javelin           |       |       |       |       |       |       |     3 ||     3
 Invoke: Recall Ancestor   |       |       |     9 |    10 |     7 |    15 |     1 ||    42
         Ancestor Life: Ba |       |       |     1 |       |       |       |       ||     1
         Ancestor Identity |       |       |     1 |       |       |       |       ||     1
         Transference      |       |       |       |     2 |     1 |     2 |       ||     5
         Idealise          |       |       |       |       |       |     4 |     2 ||     6
  Evoke: Wand              |       |       |    11 |    11 |     1 |    16 |     3 ||    42
         Phial of floods   |       |       |       |     1 |       |     1 |     1 ||     3
         Sack of spiders   |       |       |       |       |       |     1 |       ||     1
    Use: Scroll            |       |       |     6 |    16 |    11 |     9 |     1 ||    43
         Potion            |       |       |     1 |     1 |       |     1 |       ||     3
   Stab: Distracted        |       |       |     2 |     5 |    15 |    27 |    12 ||    61
         Sleeping          |       |       |     1 |     3 |     4 |     7 |     2 ||    17
         Paralysed         |       |       |       |     6 |       |       |       ||     6
 Armour: Leather armour    |    43 |       |     4 |    51 |    50 |    46 |       ||   194
         Ring mail         |     2 |    61 |    73 |       |       |       |       ||   136
         Swamp dragon scal |       |       |       |    16 |   198 |   300 |    93 ||   607
         Chain mail        |       |       |       |    99 |    23 |       |       ||   122
         Scale mail        |       |       |       |       |       |    63 |    33 ||    96
  Dodge: Dodged            |    35 |    45 |    75 |   227 |   570 |  1010 |   281 ||  2243
  Block: Buckler           |    12 |    26 |    42 |    97 |    64 |       |       ||   241
         Kite shield       |       |       |       |       |   438 |   973 |   190 ||  1601

Table legend: (Time is in decaauts)
 A = Elapsed time spent in this place.
 B = Non-inter-level travel time spent in this place.
 C = Inter-level travel time spent in this place.
 D = Time resting spent in this place.
 E = Time spent auto-exploring this place.
 F = Levels seen in this place.
 G = Mean time per level.
                   A        B        C        D        E       F      G
               +--------+--------+--------+--------+--------+-----+--------+
         Total |  36925 |  31968 |   4957 |   7482 |  13281 |  35 | 1055.0 |
       Dungeon |  17092 |  14252 |   2840 |   2824 |   6746 |  15 | 1139.5 |
        Temple |     42 |      3 |     39 |      0 |      0 |   1 |   42.0 |
          Lair |   6005 |   5216 |    789 |   1073 |   2635 |   5 | 1201.0 |
        Shoals |   3676 |   3406 |    270 |    679 |   1486 |   4 |  919.0 |
   Spider Nest |   4512 |   4034 |    478 |   1479 |   1185 |   4 | 1128.0 |
  Orcish Mines |   3228 |   2690 |    538 |    773 |    994 |   2 | 1614.0 |
   Elven Halls |    291 |    291 |      0 |     32 |     56 |   1 |  291.0 |
        Bailey |    446 |    446 |      0 |     77 |     71 |   1 |  446.0 |
      Ice Cave |   1248 |   1248 |      0 |    410 |     15 |   1 | 1248.0 |
       Volcano |    381 |    381 |      0 |    134 |     91 |   1 |  381.0 |
               +--------+--------+--------+--------+--------+-----+--------+

Top non-repeatable levels by time:
   Orc:2: 2623 daAuts
    D:10: 2260 daAuts
     D:6: 1748 daAuts
  Lair:3: 1705 daAuts
     D:9: 1585 daAuts
Spider:4: 1372 daAuts
Shoals:4: 1269 daAuts
   IceCv: 1248 daAuts
  Lair:2: 1241 daAuts
    D:13: 1224 daAuts
Spider:3: 1221 daAuts
    D:15: 1203 daAuts
     D:3: 1181 daAuts
Spider:2: 1165 daAuts
     D:5: 1158 daAuts
